 Dungeon Crawl Stone Soup version 0.23.2-1-ga50397a6bc (console) character file.

Game seed: 13771314984951340270

165 Dragon00 the Skirmisher (level 5, -1/47 HPs)
             Began as a Minotaur Berserker on May 16, 2019.
             Was a Priest of Trog.
             Slain by Grinder (5 damage)
             ... while paralysed by Grinder
             ... on level 4 of the Dungeon.
             The game lasted 00:20:47 (2740 turns).

Dragon00 the Skirmisher (Minotaur Berserker)        Turns: 2740, Time: 00:20:48

Health: -1/47      AC: 10    Str: 21    XL:     5   Next: 22%
Magic:  4/4        EV:  2    Int:  4    God:    Trog [***...]
Gold:   195        SH:  0    Dex: 11    Spells: 4/4 levels left

rFire    . . .     SeeInvis .   a - +0 hand axe
rCold    . . .     Gourm    .   (no shield)
rNeg     . . .     Faith    .   o - +0 chain mail
rPois    .         Spirit   .   (helmet restricted)
rElec    .         Reflect  .   (no cloak)
rCorr    .         Harm     .   u - +0 pair of gloves
MR       .....                  (no boots)
Stlth    ..........             (no amulet)
HPRegen  0.15/turn              (no ring)
MPRegen  0.09/turn              (no ring)

@: paralysed
A: retaliatory headbutt, horns 2
a: Berserk, Trog's Hand, Renounce Religion


You were on level 4 of the Dungeon.
You worshipped Trog.
Trog was most pleased with you.
You were not hungry.

You visited 1 branch of the dungeon, and saw 4 of its levels.

You collected 195 gold pieces.

Inventory:

Hand Weapons
 a - a +0 hand axe (weapon)
 b - a +0 hunting sling
Missiles
 f - 106 stones (quivered)
 h - 32 sling bullets
Armour
 o - a +0 chain mail (worn)
 u - a +0 pair of gloves (worn)
Scrolls
 d - 2 scrolls of amnesia {unknown}
 g - 2 scrolls of teleportation
 k - 4 scrolls of identify {unknown}
 l - a scroll of immolation
 m - a scroll of noise {unknown}
 p - a scroll of remove curse
 r - a scroll of fog {unknown}
 s - a scroll of blinking {unknown}
Potions
 e - 3 potions of flight
 i - a potion of heal wounds {unknown}
 j - 3 potions of curing {unknown}
 n - 2 potions of mutation {unknown}
 q - 2 potions of haste {unknown}
Comestibles
 c - 6 rations
 t - a chunk of flesh


   Skills:
 + Level 4.7 Fighting
 + Level 4.7 Axes
 + Level 3.9 Armour
 + Level 3.5 Dodging


You had 4 spell levels left.
You didn't know any spells.
Your spell library was empty.

Dungeon Overview and Level Annotations

Branches:
Dungeon (4/15)
 Temple: D:4-7

Altars:
Nemelex Xobeh
Trog

Annotations:
D:4 Grinder


Innate Abilities, Weirdness & Mutations

You reflexively headbutt those who attack you in melee.
You have a pair of horns on your head.


Message History

You hit the worm but do no damage. Your headbutt misses the worm.
The worm is severely wounded.
You hit the worm but do no damage. Your headbutt misses the worm.
The worm is severely wounded.
The worm bites you!
You hit the worm.
You kill the worm!
Trog accepts your kill.
You hit Grinder but do no damage.
Grinder is moderately wounded.
Grinder gestures at you.
You suddenly lose the ability to move!
Grinder hits you.
* * * LOW HITPOINT WARNING * * *
Grinder gestures at you. Pain shoots through your body!
* * * LOW HITPOINT WARNING * * *
Grinder hits you.
* * * LOW HITPOINT WARNING * * *
You writhe in agony.
You die...

#..........#
##........#
##......##
##
###.....##
#..
##....(.##
#...
#.......##
##..>.
.....###.#
#.o....
.....
#.##.......
....
##@#.......
... #.5# ...
##)# #..
##(# #. .(
.## .


You could see Grinder.

Vanquished Creatures
  Jessica (D:3)
  Terence (D:3)
  4 adders
  2 worms
  4 leopard geckos
  5 orcs
  5 giant cockroaches
  5 goblins
  8 hobgoblins
  2 jackals (D:2)
  8 kobolds
  A quokka (D:2)
  7 bats
  4 frilled lizards
  8 rats
65 creatures vanquished.

Notes
Turn   | Place    | Note
-------+----------+-------------------------------------------
     0 | D:1      | Dragon00 the Minotaur Berserker began the quest for the
                  | Orb.
     0 | D:1      | Reached XP level 1. HP: 19/19 MP: 0/0
   209 | D:1      | Reached XP level 2. HP: 24/27 MP: 1/1
   785 | D:2      | Reached ** piety under Trog
   791 | D:1      | Reached XP level 3. HP: 22/33 MP: 2/2
  1713 | D:2      | Reached XP level 4. HP: 41/41 MP: 3/3
  1904 | D:3      | Noticed Jessica
  1907 | D:3      | Killed Jessica
  1957 | D:3      | Found a bloodstained altar of Trog.
  1997 | D:3      | Found a sparkling altar of Nemelex Xobeh.
  2402 | D:3      | Noticed Terence
  2411 | D:3      | Killed Terence
  2411 | D:3      | Reached *** piety under Trog
  2411 | D:3      | Reached XP level 5. HP: 45/47 MP: 4/4
  2708 | D:4      | Noticed Grinder
  2738 | D:4      | Paralysed by Grinder for 7 turns
  2740 | D:4      | Slain by Grinder

Skill      XL: |  1  2  3 |
---------------+----------+-----
Fighting       | 4 |  4.7
Axes           | 4 |  4.7
Armour         | 3 |  3.9
Dodging        | 3 |  3.5

Action                   |  1- 3 |  4- 6 || total
-------------------------+-------+-------++-------
Melee: Hand axe          |    75 |    72 ||   147
       Headbutt          |    11 |    12 ||    23
 Fire: Hunting sling     |       |    19 ||    19
Throw: Stone             |    41 |     3 ||    44
Invok: Berserk           |     1 |       ||     1
  Use: Potion            |     2 |       ||     2
       Scroll            |     3 |       ||     3
  Eat: Chunk             |     3 |     4 ||     7
Armor: Animal skin       |    10 |       ||    10
       Chain mail        |     6 |    30 ||    36
Dodge: Dodged            |    36 |    27 ||    63
